 Dungeon Crawl Stone Soup version 0.29.1-13-g9f3cf754e1 (webtiles) character file.

Game seed: 15219012723321479191

1588235 Atlar the Tortoise (level 27, 246/246 HPs)
             Began as a Hill Orc Fighter on Jan 22, 2023.
             Was the Champion of Zin.
             Escaped with the Orb
             ... and 3 runes on Jan 27, 2023!
             The game lasted 11:37:10 (75268 turns).

Atlar the Tortoise (Hill Orc Fighter)              Turns: 75268, Time: 11:37:10

Health: 246/246    AC: 45    Str: 43    XL:     27
Magic:  28/28      EV: 17    Int: 15    God:    Zin [******]
Gold:   348        SH: 30    Dex: 21    Spells: 26/26 levels left

rFire   + + .      SeeInvis +   a - +9 morningstar "Arbiter" {vorpal, Dex+5}
rCold   + . .      Faith    .   d - +2 tower shield {rF+}
rNeg    + . .      Spirit   .   N - +9 gold dragon scales
rPois   +          Reflect  +   p - +2 helmet {Int+3}
rElec   +          Harm     .   s - +2 cloak of Burnt Happiness {rF- Regen+ Int+8 Stlth-}
rCorr   +          Rampage  .   U - +1 pair of gloves {Stlth+}
Will    +++..                   e - +0 pair of boots "Xaskofaa" {*Slow rElec Str+10 Dex-2}
Stlth   ..........              Z - amulet of Divine Intervention {Reflect rPois Will+ Str+4 Int-4 SH+5 SInv}
HPRegen 1.31/turn               z - ring "Gaukhir" {rF+ MP-9 Slay+6 SInv}
MPRegen 0.21/turn               I - ring of Noerph {+Blink rN+ rCorr Str+4}

@: studying Maces & Flails
A: see invisible
0: Orb of Zot
}: 3/15 runes: serpentine, slimy, silver
a: Renounce Religion, Evoke Blink, Recite, Vitalisation, Imprison, Sanctuary,
Donate Gold


You escaped.
You worshipped Zin.
Zin was exalted by your worship.
You visited 10 branches of the dungeon, and saw 49 of its levels.
You visited 1 bazaar.
You also visited: Bailey.

You collected 5968 gold pieces.
You spent 2888 gold pieces at shops.
You donated 2732 gold pieces to Zin.

Inventory:

Hand Weapons
 a - the +9 morningstar "Arbiter" (weapon) {vorpal, Dex+5}
   (You bought it in a shop in a bazaar)

   It inflicts extra damage upon your enemies.
   Dex:       It affects your dexterity (+5).
 b - a +9 vorpal broad axe
 c - a +7 sacred scourge of holy wrath
 Y - the +5 flail of Checks and Balances {antimagic, Will+ Stlth+}
   (You found it on level 5 of the Lair of Beasts)

   It reduces the magical energy of the wielder, and disrupts the spells and
   magical abilities of those it strikes.
   Natural abilities and divine invocations are not affected.
   Will:      It increases your willpower.
   Stlth:     It makes you more stealthy.
Missiles
 r - 6 javelins
 C - 4 silver javelins (quivered)
 W - 9 throwing nets
Armour
 d - a +2 tower shield of fire resistance (worn)
 e - the +0 pair of boots "Xaskofaa" (worn) {*Slow rElec Str+10 Dex-2}
   (You found it on level 3 of the Snake Pit)

   Str:       It affects your strength (+10).
   Dex:       It affects your dexterity (-2).
   rElec:     It insulates you from electricity.
   *Slow:     It may slow you when you take damage.
 m - +9 shadow dragon scales
 p - a +2 helmet of intelligence (worn)
 s - the +2 cloak of Burnt Happiness (worn) {rF- Regen+ Int+8 Stlth-}
   (You found it on level 3 of the Dungeon)

   Int:       It affects your intelligence (+8).
   rF:        It makes you vulnerable to fire.
   Regen:     It increases your rate of health regeneration.
   Stlth:     It makes you less stealthy.
 w - a +1 pair of boots
 M - a scarf of resistance
 N - +9 gold dragon scales (worn)
 U - a +1 pair of gloves of stealth (worn)
Jewellery
 v - the ring "Paremp" {rPois rN+ Stlth+}
   (You took it off a deep elf zephyrmancer on level 3 of the Elven Halls)

   [ring of positive energy]

   rPois:     It protects you from poison.
   rN:        It protects you from negative energy.
   Stlth:     It makes you more stealthy.
 z - the ring "Gaukhir" (left hand) {rF+ MP-9 Slay+6 SInv}
   (You took it off a tengu reaver on level 5 of the Vaults)

   [ring of see invisible]

   Slay:      It affects your accuracy & damage with ranged weapons and melee
   (+6).
   rF:        It protects you from fire.
   MP:        It affects your magic capacity (-9).
   SInv:      It lets you see invisible.
 B - a ring of protection from cold
 F - the amulet of the Lumpy Scars {Acrobat -Tele rC+++ rCorr Int-3}
   (You took it off a vault sentinel on level 5 of the Vaults)

   [amulet of the acrobat]

   It increases your evasion while moving and waiting.
   Int:       It affects your intelligence (-3).
   rC:        It renders you almost immune to cold.
   -Tele:     It prevents most forms of teleportation.
   rCorr:     It protects you from acid and corrosion.
 I - the ring of Noerph (right hand) {+Blink rN+ rCorr Str+4}
   (You took it off a vault warden on level 1 of the Vaults)

   [ring of positive energy]

   Str:       It affects your strength (+4).
   rN:        It protects you from negative energy.
   +Blink:    It lets you blink.
   rCorr:     It protects you from acid and corrosion.
 J - a ring of willpower
 L - the ring of Ofuitriheq {Ice Str+2 Int+3 Stlth+}
   (You took it off a deep elf blademaster on level 3 of the Elven Halls)

   [ring of ice]

   It enhances your ice magic.
   Str:       It affects your strength (+2).
   Int:       It affects your intelligence (+3).
   rF:        It makes you vulnerable to fire.
   rC:        It protects you from cold.
   Stlth:     It makes you more stealthy.
 Q - the amulet of the Four Winds {rN+ Will+++ Clar}
   (You found it on level 3 of the Snake Pit)

   [amulet of nothing]

   rN:        It protects you from negative energy.
   Clar:      It protects you against confusion.
   Will:      It greatly increases your willpower.
 Z - the amulet of Divine Intervention (around neck) {Reflect rPois Will+ Str+4 Int-4 SH+5 SInv}
   (You bought it in a shop on level 13 of the Dungeon)

   [amulet of reflection]

   It reflects blocked missile attacks.
   Str:       It affects your strength (+4).
   Int:       It affects your intelligence (-4).
   rPois:     It protects you from poison.
   SInv:      It lets you see invisible.
   SH:        It affects your SH (+5).
   Will:      It increases your willpower.
Wands
 l - a wand of quicksilver (2)
 G - a wand of mindburst (10)
 H - a wand of charming (28)
 X - a wand of iceblast (29)
Scrolls
 h - 6 scrolls of immolation
 i - 9 scrolls of teleportation
 n - 3 scrolls of blinking
 x - 6 scrolls of butterflies
 y - 2 scrolls of summoning
 E - a scroll of silence
 K - 10 scrolls of fear
Potions
 f - a potion of ambrosia
 g - a potion of heal wounds
 j - 10 potions of curing
 o - 20 potions of mutation
 t - a potion of invisibility
 u - 8 potions of berserk rage
 D - a potion of might
 O - 7 potions of magic
 P - a potion of haste
 R - 2 potions of cancellation
 S - 6 potions of flight
Miscellaneous
 k - a lightning rod (4/4)
 q - a phantom mirror
 V - a phial of floods


   Skills:
 - Level 20.0 Fighting
 - Level 20.0(23.8) Axes
 + Level 18.7(21.2) Maces & Flails
 - Level 13.2 Throwing
 * Level 20.8 Armour
 * Level 15.6 Dodging
 - Level 5.0 Stealth
 * Level 20.3 Shields
 - Level 20.0 Invocations
 * Level 14.9 Evocations


You had 26 spell levels left.
You didn't know any spells.
Your spell library contained the following spells:

 Spells                   Type           Power      Damage    Failure   Level
 Magic Dart               Conj           0%         1d3       95%         1
 Sandblast                Erth           0%         2d4       95%         1
 Shock                    Conj/Air       0%         1d3       95%         1
 Slow                     Hex            0%         N/A       95%         1
 Sting                    Tmut/Pois      0%         1d3       95%         1
 Summon Small Mammal      Summ           0%         N/A       95%         1
 Call Imp                 Summ           0%         N/A       99%         2
 Ensorcelled Hibernation  Hex/Ice        0%         N/A       99%         2
 Passwall                 Tmut/Erth      0%         N/A       99%         2
 Poisonous Vapours        Pois/Air       0%         N/A       99%         2
 Sublimation of Blood     Necr           0%         N/A       99%         2
 Call Canine Familiar     Summ           0%         N/A       100%        3
 Conjure Flame            Conj/Fire      0%         6-21      100%        3
 Frozen Ramparts          Ice            0%         1d1       100%        3
 Gell's Gravitas          Tloc           0%         N/A       100%        3
 Ignite Poison            Fire/Tmut/Pois 0%         N/A       100%        3
 Inner Flame              Hex/Fire       0%         N/A       100%        3
 Mephitic Cloud           Conj/Pois/Air  0%         N/A       100%        3
 Ozocubu's Armour         Ice            0%         N/A       100%        3
 Stone Arrow              Conj/Erth      0%         3d7       100%        3
 Summon Guardian Golem    Hex/Summ       0%         N/A       100%        3
 Swiftness                Air            0%         N/A       100%        3
 Teleport Other           Tloc           0%         N/A       100%        3
 Tukima's Dance           Hex            0%         N/A       100%        3
 Airstrike                Air            0%         2d(0-16)  100%        4
 Anguish                  Hex/Necr       0%         N/A       100%        4
 Cause Fear               Hex            0%         N/A       100%        4
 Flame Wave               Conj/Fire      0%         2d4       100%        4
 Fulminant Prism          Conj/Hex       0%         3d6       100%        4
 Iskenderun's Mystic Bla  Conj/Tloc      0%         2d3       100%        4
 Olgreb's Toxic Radiance  Pois           0%         N/A       100%        4
 Passage of Golubria      Tloc           0%         N/A       100%        4
 Petrify                  Tmut/Erth      0%         N/A       100%        4
 Sticky Flame             Conj/Fire      0%         2d3       100%        4
 Summon Ice Beast         Ice/Summ       0%         N/A       100%        4
 Summon Lightning Spire   Summ/Air       0%         N/A       100%        4
 Fireball                 Conj/Fire      0%         3d3       100%        5
 Freezing Cloud           Conj/Ice/Air   0%         6-21      100%        5
 Irradiate                Conj/Tmut      0%         3d11      100%        5
 Iskenderun's Battlesphe  Conj           0%         2d6       100%        5
 Lee's Rapid Deconstruct  Erth           0%         3d5*      100%        5
 Lightning Bolt           Conj/Air       0%         1d11      100%        5
 Metabolic Englaciation   Hex/Ice        0%         N/A       100%        5
 Silence                  Hex/Air        0%         N/A       100%        5
 Summon Mana Viper        Hex/Summ       0%         N/A       100%        5
 Yara's Violent Unravell  Hex/Tmut       0%         3d3       100%        5
 Conjure Ball Lightning   Conj/Air       0%         3x3d6     100%        6
 Dispersal                Tloc           0%         N/A       100%        6
 Simulacrum               Ice/Necr       0%         N/A       100%        6
 Summon Cactus Giant      Summ           0%         N/A       100%        6
 Dragon Form              Tmut           0%         N/A       100%        7
 Monstrous Menagerie      Summ           0%         N/A       100%        7
 Orb of Destruction       Conj           0%         9d5       100%        7
 Ozocubu's Refrigeration  Ice            0%         4d7       100%        7
 Storm Form               Tmut/Air       0%         N/A       100%        7
 Summon Hydra             Summ           0%         N/A       100%        7
 Discord                  Hex            0%         N/A       100%        8
 Ignition                 Fire           0%         3d3       100%        8
 Lehudib's Crystal Spear  Conj/Erth      0%         10d2      100%        8
 Maxwell's Capacitive Co  Air            0%         ∞         100%        8
 Chain Lightning          Conj/Air       0%         N/A       100%        9
 Dragon's Call            Summ           0%         N/A       100%        9
 Fire Storm               Conj/Fire      0%         5d1       100%        9
 Shatter                  Erth           0%         3d5*      100%        9


Dungeon Overview and Level Annotations

Branches:
Dungeon (15/15)            Temple (1/1) D:4            Lair (5/5) D:8
  Swamp (0/4) Lair:2        Snake (4/4) Lair:3        Slime (5/5) Lair:4
    Orc (2/2) D:9             Elf (3/3) Orc:2        Vaults (5/5) D:13
  Crypt (0/3) Vaults:2     Depths (4/4) D:15            Zot (5/5) Depths:4
 Bailey (visited)

Altars:
Ashenzari
Cheibriados
Dithmenos
Elyvilon
Fedhas
Gozag
Hepliaklqana
Kikubaaqudgha
Makhleb
Nemelex Xobeh
Okawaru
Qazlal
Ru
Sif Muna
Trog
Uskayaw
Vehumet
Wu Jian
Xom
Yredelemnul
Zin
The Shining One
Beogh
Jiyva

Shops:
D:13 :!=[   Orc:2 [[:(   Elf:1 :   Elf:3 *[   Snake:1 =   Snake:2 (?*:
Snake:4 (   Vaults:4 !   Vaults:5 [

Portals:
Hell: Depths:1 Depths:2 Depths:3 Depths:4
Abyss: Depths:3
Pandemonium: Depths:2 Depths:4
Ziggurat: Depths:4
Trove: D:14 (give +2 fire dragon scales)

Annotations:
D:7 1 runed translucent door, Crazy Yiuf
D:8 2 transporters
Snake:3 exclusion: obsidian statue
Orc:1 2 transporters
Vaults:3 1 runed translucent door, rgbqcd's ghost, veteran MiBe
Depths:1 Bai Suzhen; Sojobo
Depths:2 4 transporters
Depths:3 exclusion: obsidian statue
Zot:3 2 transporters, Pongem's ghost, legendary MiAK


Innate Abilities, Weirdness & Mutations

You have supernaturally acute eyesight. (SInv)


Message History

There is a stone staircase leading up here.
You climb upwards.
There is a stone staircase leading down here.
There is a stone staircase leading up here.
You climb upwards.
There is a stone staircase leading down here.
An Emaganle and a tormentor come into view.
Emaganle moves out of view.
The tormentor moves out of view.
A Tzitzimitl comes into view.
The Tzitzimitl gestures at you. The bolt of negative energy misses you.
There is a stone staircase leading up here.
You climb upwards.
There is a stone staircase leading down here.
There is a stone staircase leading up here.
You climb upwards.
There is a stone staircase leading down here.
You climb downwards.
There is a stone staircase leading up here.
A large abomination comes into view.
You block the large abomination's attack.
An Orb Guardian comes into view.
The large abomination attacks as you move away!
The large abomination hits you but does no damage.
The large abomination attacks as you move away!
The large abomination closely misses you.
You block the large abomination's attack.
The large abomination attacks as you move away!
You block the large abomination's attack.
There is a stone staircase leading up here.
You climb upwards.
There is a stone staircase leading down here.
You see here a +0 dagger.
You enter the shallow water.
Moving in this stuff is going to be slow.
There is a large open door here.
There is a large open door here.
There is a large open door here.
There is a staircase leading out of the dungeon here.
You have escaped!

#.......##~..8..........8..~.#
#.......##~.##############.~.#
#.......##~8#.#[≈≈.#~~~~~#8~.#
#.......##~.#.#.≈≈.#~...~#.~.#
#.......##~.#.#.≈≈.#~.#.~#.~.#
#.......##~.#.#§§§.#~.#.~#8~.#
#.......##~.#.#§§§.#~.#.~#.~..
#.......##~.#.'....'..#..'...#
#.......##~.#@'....'..#..'...#
##########~.#.#.≈≈.#~.#.~#.~##
#~.#.#.≈≈.#~.#.~#8~##
#~.#.#.≈§§#~.#.~#.~..
#~.#.#.§§.#~...~#.~.#
#~8#.#.§≈.#~~~~~#8).#
#~.##############.~..
#~..8..........8..~##
#~~~~~~~~~~~~≈~~~~~##


There were no monsters in sight!

Vanquished Creatures
  the Royal Jelly (Slime:5)
  3 dread liches (Zot:5)
  4 ancient liches
  4 orbs of fire (Zot:5)
  Mennas (Vaults:4)
  Parghit (Depths:4)
  Vv (Zot:2)
  Frederick (Vaults:3)
  Saint Roka (Vaults:5)
  6 Killer Klowns
  5 curse toes
  Margery (Vaults:4)
  3 golden dragons
  4 electric golems
  A Tzitzimitl (Zot:3)
  2 liches
  11 tentacled monstrosities
  Mlioglotl (Snake:3)
  27 Orb Guardians
  3 deep elf blademasters
  6 titans
  22 acid blobs
  3 quicksilver dragons
  2 deep elf master archers (Elf:3)
  8 death cobs
  A sphinx (Vaults:1)
  Gastronok (D:9)
  Agnes (Elf:2)
  An Executioner (Zot:5)
  9 tengu reavers
  An azure jelly (shapeshifter) (Depths:1)
  12 shadow dragons
  14 rockslimes
  5 draconian monks
  7 draconian knights
  19 storm dragons
  5 frost giants
  15 azure jellies
  5 nagarajas (Snake:4)
  6 fire giants
  10 draconian scorchers
  An iron dragon (Depths:4)
  3 ghost moths (Zot:2)
  A frost giant (shapeshifter) (Depths:3)
  6 deep elf sorcerers
  Louise (Elf:3)
  7 draconian shifters
  11 vault wardens
  2 draconian stormcallers
  2 orc warlords
  17 ironbound preservers
  3 deep elf elementalists
  A stone giant (shapeshifter) (Depths:3)
  8 stone giants
  15 quicksilver oozes
  5 draconian annihilators
  5 ironbound thunderhulks
  A reaper (Depths:2)
  22 very ugly things
  6 war gargoyles
  3 vampire knights
  The ghost of Fyfifu the Fighter, a journeyman MiBe of Trog (D:13)
  10 deep elf demonologists
  16 black draconians
  14 green draconians
  A spark wasp (shapeshifter) (Depths:3)
  22 red draconians
  A bunyip (shapeshifter) (Depths:3)
  An eleionoma (shapeshifter) (Depths:3)
  A lorocyproca (Depths:2)
  3 entropy weavers
  16 purple draconians
  Snorg (Lair:4)
  12 dire elephants
  12 white draconians
  5 yellow draconians
  9 deep elf annihilators
  A blizzard demon (Depths:3)
  A great orb of eyes (shapeshifter) (Depths:3)
  8 ettins
  10 deep elf death magi
  12 yaktaur captains
  7 fire dragons
  10 great orbs of eyes
  5 deep elf high priests
  3 boulder beetles
  Harold (D:10)
  9 ice dragons
  3 rakshasas
  6 hydras
  6 spriggan air magi
  A peacekeeper (Vaults:2)
  31 vault guards
  9 anacondas
  An anaconda (shapeshifter) (Depths:3)
  16 naga warriors
  2 catoblepae (D:13)
  7 ironbound frosthearts
  9 centaur warriors
  35 dancing weapons
  An alligator (shapeshifter) (Depths:3)
  3 deep troll shamans
  6 tengu warriors
  An orc high priest (Orc:2)
  14 death yaks
  6 two-headed ogres
  A vampire mage (Depths:3)
  13 naga sharpshooters
  5 deep troll earth magi
  9 hell knights
  3 shock serpents
  A storm dragon zombie (Depths:1)
  12 deep elf knights
  2 large abominations
  Nergalle (Orc:1)
  2 soul eaters
  3 spriggan berserkers
  Amaemon (Lair:1)
  4 salamander mystics
  3 iron trolls
  A sixfirhy (Depths:2)
  2 sun demons (Depths:2)
  7 glowing orange brains
  5 deep elf archers
  64 deep trolls
  11 naga ritualists
  A spectral wolf spider (D:13)
  7 wizards
  11 necromancers
  5 lindwurms
  2 obsidian statues (Depths:3)
  A sphinx zombie (Vaults:1)
  7 phantasmal warriors
  18 orc knights
  2 lindwurms (shapeshifter)
  14 mana vipers
  21 deep elf zephyrmancers
  19 ironbound convokers
  20 deep elf pyromancers
  8 harpies (Vaults:2)
  6 shining eyes
  A sphinx skeleton (Depths:1)
  An orc sorcerer (D:15)
  3 cyclopes
  26 ugly things
  A shining eye (shapeshifter) (Vaults:4)
  24 salamanders
  A cyclops (shapeshifter) (Depths:3)
  23 moths of wrath
  2 wolf spiders
  3 elephants (Lair:5)
  3 spectral centaurs (D:13)
  17 vault sentinels
  5 guardian serpents
  45 black mambas
  A rust devil (Depths:2)
  Joseph (D:7)
  23 naga magi
  A gargoyle (D:13)
  A molten gargoyle (Depths:3)
  2 smoke demons (Depths:2)
  A storm dragon simulacrum (Vaults:1)
  4 eyes of devastation
  2 orange demons
  9 cane toads
  6 torpor snails
  10 komodo dragons
  42 yaktaurs
  A yaktaur (shapeshifter) (Depths:3)
  3 unseen horrors
  3 rime drakes
  An efreet (D:15)
  2 freezing wraiths
  6 tengu conjurers
  A komodo dragon (shapeshifter) (Vaults:5)
  2 red devils (Depths:2)
  An ice devil (Depths:2)
  7 trolls
  A meliai (D:13)
  4 tyrant leeches (Lair:5)
  12 polar bears
  Prince Ribbit (D:8)
  3 wind drakes (Depths:3)
  12 hornets
  5 raiju
  3 blink frogs
  A hornet (shapeshifter) (Vaults:5)
  115 slime creatures
  2 ettin zombies
  A spectral meliai (D:13)
  A jumping spider (shapeshifter) (Depths:3)
  9 air elementals
  A spriggan (shapeshifter) (D:13)
  4 spriggans
  Sigmund (D:3)
  5 shadows
  4 water elementals
  2 fire elementals
  8 basilisks
  44 yaks
  A chaos spawn (Depths:2)
  8 wyverns
  6 golden eyes
  4 redbacks
  8 vampire mosquitoes
  Menkaure (D:6)
  13 wargs
  2 acid dragons
  19 water moccasins
  61 nagas
  A water moccasin (shapeshifter) (Depths:3)
  46 orc warriors
  A spectral hornet (D:13)
  16 hell hounds
  Duvessa (D:7)
  A meliai simulacrum (D:13)
  14 black bears
  2 sky beasts (D:6)
  An ice beast (D:8)
  2 ogres
  8 centaurs
  31 wolves
  2 phantoms
  7 bullfrogs
  2 kobold brigands (D:8)
  11 earth elementals
  2 gnoll sergeants
  A necrophage (D:7)
  3 scorpions
  A wyvern zombie (D:8)
  5 wights (D:8)
  Dowan (D:7)
  8 killer bees
  2 electric eels (Lair:3)
  9 howler monkeys
  2 lava snakes (Lair:3)
  2 centaur zombies
  2 hounds
  2 jellies
  3 gnoll boudas
  A spectral boggart (D:13)
  6 orc priests
  Jessica (D:2)
  4 iguanas
  14 orc wizards
  A killer bee zombie (D:8)
  3 howler monkey zombies (D:8)
  Robin (D:2)
  17 gnolls
  9 adders
  A shadow imp (D:5)
  7 white imps
  An ufetubus (D:5)
  3 worms
  2 dart slugs
  86 orcs
  A bat (D:1)
  2 endoplasms
  3 giant cockroaches
  16 goblins
  12 hobgoblins
  3 jackals (D:4)
  7 kobolds
  A quokka (D:2)
  4 ball pythons
  2 frilled lizards
  5 rats
  7 ball lightnings (Depths:3)
2051 creatures vanquished.

Vanquished Creatures (collateral kills)
  2 ironbound preservers
  A hornet (Depths:1)
3 creatures vanquished.

Vanquished Creatures (others)
  A fire giant (Vaults:5)
  A deep elf sorcerer (Elf:3)
  Erolcha (D:10)
  A hell knight (Depths:1)
  A deep troll (Vaults:2)
  A deep elf pyromancer (Elf:3)
  2 ugly things
  A moth of wrath (Zot:4)
  A yaktaur (Vaults:2)
  A warg (Vaults:5)
  2 orcs
  5 ball lightnings (Depths:3)
  31 fungi
  5 pillars of salt
  70 plants
  2 starspawn tentacles (Depths:1)
  4 withered plants (D:8)
130 creatures vanquished.

Grand Total: 2184 creatures vanquished

Notes
Turn   | Place    | Note
-------+----------+-------------------------------------------
     0 | D:1      | Atlar the Hill Orc Fighter began the quest for the Orb.
     0 | D:1      | Reached XP level 1. HP: 19/19 MP: 1/1
   393 | D:1      | Reached XP level 2. HP: 23/26 MP: 2/2
   856 | D:2      | Reached XP level 3. HP: 31/31 MP: 3/3
  1011 | D:2      | Noticed Jessica
  1022 | D:2      | Killed Jessica
  1023 | D:2      | Reached XP level 4. HP: 13/39 MP: 4/4
  1260 | D:2      | Noticed Robin
  1285 | D:2      | Killed Robin
  1526 | D:2      | Found a faded altar of an unknown god.
  1841 | D:3      | Reached XP level 5. HP: 45/45 MP: 5/5
  2070 | D:3      | Identified the +2 cloak of Burnt Happiness {rF- Regen+
                  | Int+8 Stlth-}
  2327 | D:4      | Noticed Sigmund
  2400 | D:4      | Noticed a phantom
  2469 | D:4      | Found a staircase to the Ecumenical Temple.
  2542 | D:4      | Reached skill level 5 in Axes
  2565 | D:4      | Killed a phantom
  2566 | D:4      | Reached skill level 5 in Armour
  2566 | D:4      | Reached skill level 5 in Shields
  2566 | D:4      | Reached XP level 6. HP: 51/51 MP: 6/6
  2638 | Temple   | Entered the Ecumenical Temple
  2752 | Temple   | Became a worshipper of Zin the Law-Giver
  2752 | Temple   | Reached * piety under Zin
  2753 | Temple   | Donated 70 gold pieces to Zin
  3134 | D:5      | Entered Level 5 of the Dungeon
  3207 | D:5      | Reached XP level 7. HP: 57/57 MP: 7/7
  3216 | D:5      | Reached skill level 1 in Invocations
  3259 | D:5      | Found a sparkling altar of Nemelex Xobeh.
  3447 | D:5      | Reached XP level 8. HP: 64/64 MP: 10/10
  3513 | D:5      | Reached ** piety under Zin
  3833 | D:6      | Donated 90 gold pieces to Zin
  3873 | D:6      | Found a broken altar of Ashenzari.
  4092 | D:6      | Noticed Menkaure
  4110 | D:6      | Killed Menkaure
  4111 | D:6      | Reached skill level 1 in Dodging
  4111 | D:6      | Reached skill level 5 in Invocations
  4432 | D:6      | Reached *** piety under Zin
  5012 | D:7      | Noticed Joseph
  5032 | D:7      | Killed Joseph
  5033 | D:7      | Reached XP level 9. HP: 28/70 MP: 12/14
  5106 | D:7      | Noticed Dowan
  5130 | D:7      | Noticed Duvessa
  5251 | D:7      | Found a runed translucent door.
  5252 | D:7      | Noticed Crazy Yiuf
  5325 | D:7      | Reached skill level 10 in Axes
  5365 | D:7      | Got the Vademecum on the Oath
  5398 | D:7      | Found a flagged portal.
  5404 | D:7      | Killed Dowan
  5423 | Bailey   | Entered a bailey
  5664 | Bailey   | Noticed an orc knight
  5677 | Bailey   | Killed an orc knight
  5784 | D:7      | Found a hazy altar of Hepliaklqana.
  5785 | D:7      | Found a bloodstained altar of Trog.
  5797 | D:7      | Found a hide-covered altar of Uskayaw.
  5797 | D:7      | Found an opulent altar of Gozag.
  5798 | D:7      | Found an ancient bone altar of Kikubaaqudgha.
  5798 | D:7      | Found a burning altar of Makhleb.
  5798 | D:7      | Found an iron altar of Okawaru.
  5799 | D:7      | Found a basalt altar of Yredelemnul.
  5900 | D:7      | Identified the +7 war axe of Analysis {vorpal, Drain Int+7}
  6114 | D:7      | Killed Duvessa
  6142 | D:7      | Found a glowing golden altar of the Shining One.
  6297 | D:7      | Reached XP level 10. HP: 80/80 MP: 16/16
  6402 | D:7      | Reached skill level 5 in Fighting
  6523 | D:8      | Found a staircase to the Lair.
  6540 | D:8      | Reached skill level 5 in Dodging
  6615 | D:8      | Found a transporter.
  6646 | D:8      | Found a transporter.
  6648 | D:8      | Found a transporter.
  6733 | D:8      | Gained mutation: You have supernaturally acute eyesight.
                  | (SInv) [potion of mutation]
  6857 | D:8      | Noticed Prince Ribbit
  6872 | D:8      | Killed Prince Ribbit
  6955 | D:8      | Reached skill level 10 in Invocations
  6966 | D:8      | Donated 105 gold pieces to Zin
  6967 | D:8      | Reached **** piety under Zin
  7061 | D:8      | Noticed a cyclops
  7252 | D:8      | Found a transporter.
  7428 | D:8      | Paralysed by a hornet for 2 turns
  7501 | D:9      | Noticed Gastronok
  7618 | D:9      | Reached XP level 11. HP: 92/92 MP: 19/19
  7629 | D:9      | Found a shimmering altar of Xom.
  8183 | D:9      | Found a staircase to the Orcish Mines.
  8775 | D:8      | Killed a cyclops
  8805 | D:8      | Donated 86 gold pieces to Zin
  9024 | Lair:1   | Entered Level 1 of the Lair of Beasts
  9228 | Lair:1   | Noticed Amaemon
  9254 | Lair:1   | Killed Amaemon
  9440 | Lair:1   | Noticed a four-headed hydra
  9491 | Lair:1   | Killed a four-headed hydra
  9492 | Lair:1   | Reached skill level 10 in Fighting
  9605 | Lair:1   | Noticed a death yak
  9618 | Lair:1   | Killed a death yak
  9619 | Lair:1   | Reached XP level 12. HP: 77/106 MP: 21/21
  9626 | Lair:1   | Reached skill level 1 in Throwing
  9663 | Lair:1   | Reached ***** piety under Zin
 10382 | Lair:2   | Found a staircase to the Swamp.
 11180 | Lair:3   | Noticed a death yak
 11180 | Lair:3   | Noticed a death yak
 11180 | Lair:3   | Noticed a death yak
 11180 | Lair:3   | Noticed a death yak
 11181 | Lair:3   | Noticed a death yak
 11193 | Lair:3   | Noticed a death yak
 11196 | Lair:3   | Killed a death yak
 11203 | Lair:3   | Killed a death yak
 11204 | Lair:3   | Reached skill level 15 in Axes
 11206 | Lair:3   | Killed a death yak
 11210 | Lair:3   | Killed a death yak
 11218 | Lair:3   | Killed a death yak
 11226 | Lair:3   | Killed a death yak
 11361 | Lair:3   | Found a staircase to the Snake Pit.
 11546 | Lair:3   | Donated 177 gold pieces to Zin
 11955 | Lair:4   | Noticed Snorg
 11970 | Lair:4   | Killed Snorg
 11971 | Lair:4   | Reached XP level 13. HP: 113/113 MP: 22/22
 12091 | Lair:4   | Found a staircase to the Slime Pits.
 12389 | Lair:4   | Reached skill level 5 in Throwing
 12514 | Lair:5   | Entered Level 5 of the Lair of Beasts
 12757 | Orc:1    | Entered Level 1 of the Orcish Mines
 12774 | Orc:1    | Noticed Nergalle
 12782 | Orc:1    | Killed Nergalle
 12799 | Orc:1    | Reached ****** piety under Zin
 12916 | Orc:1    | Noticed a stone giant
 13015 | Orc:2    | Entered Level 2 of the Orcish Mines
 13149 | Orc:2    | Reached skill level 10 in Armour
 13192 | Orc:2    | Found Omawn's Antique Weapon Emporium.
 13192 | Orc:2    | Found Pihialoh's Book Boutique.
 13217 | Orc:2    | Found a roughly hewn altar of Beogh.
 13410 | Orc:2    | Found Ogerphufe's Armour Emporium.
 13410 | Orc:2    | Found Qiybryes's Antique Armour Boutique.
 13659 | Orc:2    | Found a staircase to the Elven Halls.
 13889 | Orc:2    | Noticed an ettin
 13906 | Orc:2    | Killed an ettin
 14249 | Orc:1    | Found a burning altar of Makhleb.
 14291 | Orc:1    | Found a transporter.
 14299 | Orc:1    | Found a transporter.
 14459 | D:10     | Entered Level 10 of the Dungeon
 14459 | D:10     | Noticed Harold
 14471 | D:10     | Killed Harold
 14472 | D:10     | Reached XP level 14. HP: 111/121 MP: 20/24
 14710 | D:10     | Noticed Erolcha
 14738 | D:9      | Killed Gastronok
 15964 | Lair:5   | Found a runed translucent door.
 16176 | Lair:5   | Reached skill level 15 in Invocations
 16474 | Lair:5   | Identified the +5 flail of Checks and Balances {antimagic,
                  | Will+ Stlth+}
 17300 | Lair:5   | Reached XP level 15. HP: 112/133 MP: 22/26
 18451 | D:11     | Reached XP level 16. HP: 141/141 MP: 27/27
 19240 | D:12     | Found a bloodstained altar of Trog.
 19434 | D:13     | Found Rimmebuu's Jewellery Shoppe.
 19436 | D:13     | Found Dateaptu's Antique Armour Shoppe.
 19452 | D:13     | Found Wethaecw's Distillery.
 19720 | D:13     | Bought a potion of might for 68 gold pieces
 19720 | D:13     | Bought a potion of lignification for 51 gold pieces
 19720 | D:13     | Bought a potion of might for 68 gold pieces
 19720 | D:13     | Bought a potion of might for 68 gold pieces
 19795 | D:13     | Bought the amulet of Divine Intervention {Reflect rPois
                  | Will+ Str+4 Int-4 SH+5 SInv} for 816 gold pieces
 19835 | D:13     | Found Vymuoz's Book Shop.
 19984 | D:13     | Found a runed translucent gate.
 19985 | D:13     | Found a runed translucent gate.
 19986 | D:13     | Found a runed translucent gate.
 19988 | D:13     | Noticed Fyfifu's ghost (journeyman MiBe)
 20332 | D:13     | Identified the +0 ring mail of Poor Excuses {rN+ rCorr}
 20342 | D:13     | Found a gate to the Vaults.
 20601 | D:13     | Killed Fyfifu's ghost
 20701 | D:14     | Found a portal to a secret trove of treasure.
 21494 | D:15     | Entered Level 15 of the Dungeon
 22100 | D:15     | Found a sacrificial altar of Ru.
 22322 | D:15     | Reached skill level 1 in Stealth
 22418 | D:15     | Found a staircase to the Depths.
 22896 | Elf:1    | Entered Level 1 of the Elven Halls
 22907 | Elf:1    | Found Plog's Book Shop.
 22915 | Elf:1    | Reached XP level 17. HP: 150/154 MP: 28/28
 23714 | Elf:1    | Paralysed by an air elemental for 1 turns
 23716 | Elf:1    | Paralysed by an air elemental for 1 turns
 23721 | Elf:1    | Paralysed by an air elemental for 1 turns
 24054 | Elf:2    | Reached skill level 15 in Fighting
 24086 | Elf:2    | Found a runed translucent gate.
 24086 | Elf:2    | Found a runed translucent gate.
 24094 | Elf:2    | Found a runed translucent gate.
 24128 | Elf:2    | Reached skill level 15 in Armour
 24761 | Elf:2    | Noticed a Brimstone Fiend
 25075 | Elf:2    | Paralysed by an air elemental for 1 turns
 25145 | Elf:2    | Noticed an Ice Fiend
 25223 | Elf:2    | Noticed an Executioner
 25225 | Elf:2    | Noticed a Tzitzimitl
 27070 | Elf:2    | Noticed a deep elf blademaster
 27098 | Elf:2    | Noticed Agnes
 27104 | Elf:2    | Killed Agnes
 27221 | Elf:2    | Killed a deep elf blademaster
 27843 | Snake:1  | Entered Level 1 of the Snake Pit
 28429 | Snake:1  | Reached XP level 18. HP: 163/163 MP: 30/30
 28603 | Snake:1  | Identified the +1 great sword "Zewuehu" {flame, Int+4 Dex-3
                  | Stlth+}
 28669 | Snake:1  | Found Lauhyxax's Jewellery Shop.
 29022 | Snake:2  | Found Foratzee's Weapon Boutique.
 29050 | Snake:2  | Reached skill level 10 in Dodging
 29124 | Snake:2  | Found Utehelurr's Magic Scroll Boutique.
 29135 | Snake:2  | Found Egroith's General Store.
 29253 | Snake:2  | Found Ybiewula's Book Shop.
 29321 | Snake:2  | Found a flickering gateway to a bazaar.
 29331 | Bazaar   | Entered a bazaar
 29531 | Bazaar   | Found Facreown's Weapon Emporium.
 29553 | Bazaar   | Found Imeacuag's General Store.
 29560 | Bazaar   | Found Boff's Antique Weapon Shoppe.
 29562 | Bazaar   | Found Lolo's Weapon Shoppe.
 29572 | Bazaar   | Found Kizxia's Weapon Emporium.
 29620 | Bazaar   | Bought the +9 morningstar "Arbiter" {vorpal, Dex+5} for 685
                  | gold pieces
 29644 | Bazaar   | Bought a scroll of blinking for 105 gold pieces
 29837 | Snake:2  | Bought a +2 helmet of intelligence for 408 gold pieces
 30154 | Snake:2  | Reached skill level 1 in Maces & Flails
 30437 | Snake:2  | Reached skill level 10 in Throwing
 32101 | Snake:3  | Noticed Mlioglotl
 32115 | Snake:3  | Killed Mlioglotl
 32353 | Snake:3  | Reached skill level 5 in Maces & Flails
 32535 | Snake:3  | Found a transporter.
 32562 | Snake:3  | Found the amulet of the Four Winds {rN+ Will+++ Clar}
 32566 | Snake:3  | Found a transporter.
 32603 | Snake:3  | Identified the +0 pair of boots "Xaskofaa" {*Slow rElec
                  | Str+10 Dex-2}
 33025 | Snake:4  | Entered Level 4 of the Snake Pit
 33156 | Snake:4  | Reached skill level 10 in Shields
 33498 | Snake:4  | Reached XP level 19. HP: 170/170 MP: 31/31
 34311 | Snake:4  | Found Errirol's Weapon Shoppe.
 34784 | Snake:4  | Donated 156 gold pieces to Zin
 35818 | Snake:4  | Got a serpentine rune of Zot
 36238 | Vaults:1 | Entered Level 1 of the Vaults
 37109 | Vaults:1 | Reached skill level 10 in Maces & Flails
 37700 | Vaults:1 | Identified the ring of Noerph {+Blink rN+ rCorr Str+4}
 38718 | Vaults:2 | Reached XP level 20. HP: 135/178 MP: 32/32
 40233 | Vaults:2 | Reached skill level 15 in Shields
 40243 | Vaults:2 | Reached skill level 1 in Evocations
 40383 | Vaults:2 | Found a staircase to the Crypt.
 40809 | Vaults:2 | Donated 145 gold pieces to Zin
 42279 | Vaults:3 | Reached skill level 5 in Evocations
 42980 | Vaults:3 | Found a runed translucent door.
 42980 | Vaults:3 | Noticed rgbqcd's ghost (veteran MiBe)
 43272 | Vaults:3 | Paralysed by a great orb of eyes for 4 turns
 43281 | Vaults:3 | Reached XP level 21. HP: 129/184 MP: 25/34
 43709 | Vaults:3 | Noticed Frederick
 43728 | Vaults:3 | Killed Frederick
 44512 | Vaults:3 | Donated 156 gold pieces to Zin
 44720 | Vaults:4 | Found Niroytat's Distillery.
 44954 | Vaults:4 | Noticed Margery
 45046 | Vaults:4 | Killed Margery
 45245 | Vaults:4 | Bought a potion of might for 68 gold pieces
 45271 | Vaults:4 | Noticed Mennas
 45289 | Vaults:4 | Killed Mennas
 46823 | Depths:1 | Entered Level 1 of the Depths
 46847 | Depths:1 | Got Vehumet's Parchment of Conflagrant Arcane Weapons
 46861 | Depths:1 | Noticed Bai Suzhen
 47212 | Depths:1 | Found a glowing golden altar of the Shining One.
 47217 | Depths:1 | Found a burning altar of Makhleb.
 47480 | Depths:1 | Found a gateway to Hell.
 47556 | Depths:1 | Found Zuqusam's General Store.
 48117 | Depths:1 | Noticed Sojobo
 48313 | Depths:2 | Found a transporter.
 48321 | Depths:2 | Found a transporter.
 48321 | Depths:2 | Found a transporter.
 48323 | Depths:2 | Found a transporter.
 48980 | Depths:2 | Found a one-way gate leading to the halls of Pandemonium.
 49846 | Depths:3 | Reached XP level 22. HP: 169/194 MP: 36/36
 49853 | Depths:3 | Reached skill level 10 in Evocations
 50229 | Depths:3 | Noticed a caustic shrike
 50230 | Depths:3 | a caustic shrike changed into a rockslime
 50238 | Depths:3 | Noticed a shard shrike
 50238 | Depths:3 | a titan changed into a shard shrike
 50241 | Depths:3 | Noticed a caustic shrike
 50241 | Depths:3 | a quicksilver dragon changed into a caustic shrike
 50242 | Depths:3 | a shard shrike changed into a rockslime
 50248 | Depths:3 | Noticed a golden dragon
 50248 | Depths:3 | an acid blob changed into a golden dragon
 50249 | Depths:3 | a caustic shrike changed into a shadow dragon
 50252 | Depths:3 | a golden dragon changed into an iron giant
 50674 | Depths:3 | Paralysed by an air elemental for 1 turns
 50795 | Depths:3 | Paralysed by an air elemental for 1 turns
 51005 | Depths:3 | Paralysed by an air elemental for 1 turns
 51122 | Depths:3 | Found a one-way gate to the infinite horrors of the Abyss.
 51230 | Depths:3 | Got the Reference Book on Hindering Pyromania
 51233 | Depths:3 | Identified the +4 mace "Vawkuagy" {freeze, rPois}
 51266 | Depths:3 | Identified the +4 hand crossbow of Midsummer {venom, MP-9
                  | Dex+8}
 51542 | Depths:4 | Entered Level 4 of the Depths
 51958 | Depths:4 | Found a one-way gateway to a ziggurat.
 52605 | Elf:3    | Entered Level 3 of the Elven Halls
 52611 | Elf:3    | Found a radiant altar of Vehumet.
 52622 | Elf:3    | Reached skill level 5 in Stealth
 52676 | Elf:3    | Noticed Louise
 52681 | Elf:3    | Found Voklep's Armour Shoppe.
 52681 | Elf:3    | Found Luapaixi's Assorted Antiques.
 52716 | Elf:3    | Killed Louise
 52946 | Elf:3    | Paralysed by an air elemental for 1 turns
 53466 | Elf:3    | Identified the +4 battleaxe of Honour {elec, rF+ Will-
                  | rCorr SInv}
 53491 | Elf:3    | Identified the +8 great sword of the Nexus {elec, rElec
                  | rPois}
 53536 | Elf:3    | Identified the ring "Paremp" {rPois rN+ Stlth+}
 53591 | Elf:3    | Identified the +8 morningstar of Glory {flame, Fragile
                  | rPois rF+ rN+ Int+3}
 53864 | Elf:3    | Identified the ring of Ofuitriheq {Ice Str+2 Int+3 Stlth+}
 54172 | Elf:3    | Got the Octavo of Charged Mustering
 54401 | Elf:3    | Got the Monograph on the Stormy Iceberg
 54408 | Elf:3    | Identified the +8 sling "Qaeful" {venom, rPois}
 54489 | Elf:3    | Reached skill level 15 in Maces & Flails
 54924 | Slime:1  | Entered Level 1 of the Pits of Slime
 55211 | Lair:4   | Reached XP level 23. HP: 211/213 MP: 37/37
 56342 | Slime:5  | Entered Level 5 of the Pits of Slime
 57608 | Slime:5  | Noticed the Royal Jelly
 57947 | Slime:5  | Found a viscous altar of Jiyva.
 59088 | Slime:5  | Killed the Royal Jelly
 59169 | Slime:5  | Identified the +4 flail "Benaisosk" {drain, SInv}
 59251 | Slime:5  | Got a slimy rune of Zot
 59253 | Slime:5  | Got the Anthology of Mortification and the Swarm
 59259 | Slime:5  | Identified the ring "Lodejost" {rElec rC+ Str+4 Int-3
                  | Stlth+}
 59267 | Slime:5  | Identified the +9 broad axe of Mastery {venom, +Blink rC+}
 59270 | Slime:5  | Got the Octavo of Rime and Imprecation
 61347 | Depths:4 | Found a glowing silver altar of Zin.
 61347 | Depths:4 | Found a glowing golden altar of the Shining One.
 61347 | Depths:4 | Found a white marble altar of Elyvilon.
 61368 | Depths:4 | Found a gate to the Realm of Zot.
 61908 | Vaults:4 | Bought a potion of curing for 51 gold pieces
 61943 | Vaults:5 | Entered Level 5 of the Vaults
 61951 | Vaults:4 | Reached XP level 24. HP: 198/224 MP: 37/37
 62516 | Vaults:5 | Identified the +5 longbow of Fevof {flame, rElec Will+}
 62758 | Vaults:5 | Identified the amulet of the Lumpy Scars {Acrobat -Tele
                  | rC+++ rCorr Int-3}
 62785 | Vaults:5 | Identified the ring "Gaukhir" {rF+ MP-9 Slay+6 SInv}
 63287 | Vaults:5 | Donated 622 gold pieces to Zin
 63310 | Vaults:5 | Noticed an ancient lich
 64215 | Vaults:5 | Found Wipraog's Antique Armour Shoppe.
 64326 | Vaults:5 | Killed an ancient lich
 64542 | Vaults:5 | Got a silver rune of Zot
 64551 | Vaults:5 | Noticed Saint Roka
 64579 | Vaults:5 | Killed Saint Roka
 64889 | Vaults:5 | Identified the +1 glaive "Vitwauha" {freeze, rF+ rN+}
 65241 | D:10     | Killed Erolcha
 65474 | Elf:3    | Bought a scroll of enchant armour for 300 gold pieces
 65805 | Snake:2  | Bought a scroll of enchant armour for 105 gold pieces
 65831 | Snake:2  | Bought a potion of heal wounds for 95 gold pieces
 66187 | Zot:1    | Entered Level 1 of the Realm of Zot
 66430 | Zot:1    | Noticed Parghit
 66529 | Zot:1    | Reached XP level 25. HP: 184/231 MP: 28/37
 66719 | Depths:4 | Donated 279 gold pieces to Zin
 67014 | Depths:4 | Killed Parghit
 67390 | Zot:1    | Donated 153 gold pieces to Zin
 67411 | Zot:1    | Got the Encyclopedia of Ozone
 67928 | Zot:2    | Noticed a Killer Klown
 67933 | Zot:2    | a Killer Klown changed into a titan
 68173 | Zot:2    | Donated 100 gold pieces to Zin
 68241 | Zot:2    | Identified the +7 scimitar of the Slashing Wolf {freeze,
                  | *Noise rCorr Dex+6}
 68487 | Zot:2    | Noticed Vv
 68508 | Zot:2    | Killed Vv
 68722 | Zot:2    | Donated 50 gold pieces to Zin
 69619 | Zot:2    | Donated 71 gold pieces to Zin
 70093 | Zot:3    | Found a transporter.
 70094 | Zot:3    | Noticed a Killer Klown
 70113 | Zot:3    | Killed a Killer Klown
 70129 | Zot:3    | Reached XP level 26. HP: 147/239 MP: 28/37
 70220 | Zot:3    | Found a bloodstained altar of Trog.
 70221 | Zot:3    | Identified the +1 cloak of the Many Moons {Contam Dex+4}
 70244 | Zot:3    | Identified the amulet of Zyxyk {rF+ Regen+}
 70245 | Zot:3    | Noticed Pongem's ghost (legendary MiAK)
 70247 | Zot:3    | Identified the +0 cloak of Wubreosu {Will- Regen+ Str-5
                  | SInv}
 70249 | Zot:3    | Identified the +4 trident of the Forest {flame, rC+ rCorr
                  | Int-4}
 70287 | Zot:3    | Found a transporter.
 71387 | Zot:5    | Entered Level 5 of the Realm of Zot
 72257 | Zot:5    | Noticed a dread lich
 72258 | Zot:5    | Noticed a dread lich
 72291 | Zot:5    | Killed a dread lich
 72364 | Zot:5    | Noticed a Killer Klown
 72392 | Zot:5    | Killed a Killer Klown
 72470 | Zot:5    | Noticed a Killer Klown
 72490 | Zot:5    | Killed a Killer Klown
 72538 | Zot:5    | Reached skill level 15 in Dodging
 72539 | Zot:5    | Noticed an orb of fire
 72566 | Zot:5    | Killed an orb of fire
 72622 | Zot:5    | Noticed an orb of fire
 72639 | Zot:5    | Noticed an ancient lich
 72656 | Zot:5    | Killed an ancient lich
 72679 | Zot:5    | Killed an orb of fire
 72741 | Zot:5    | Noticed a Killer Klown
 72744 | Zot:5    | Paralysed by a dread lich for 2 turns
 72754 | Zot:5    | Killed a dread lich
 72926 | Zot:5    | Noticed an orb of fire
 72941 | Zot:5    | Killed an orb of fire
 72944 | Zot:5    | a Killer Klown changed into a rockslime
 73285 | Zot:5    | Noticed an orb of fire
 73286 | Zot:5    | Noticed a Killer Klown
 73319 | Zot:5    | Noticed an ancient lich
 73322 | Zot:5    | Killed an orb of fire
 73323 | Zot:5    | Reached XP level 27. HP: 192/246 MP: 28/37
 73336 | Zot:5    | Killed an ancient lich
 73469 | Zot:5    | Noticed an ancient lich
 73476 | Zot:5    | Killed an ancient lich
 73606 | Zot:5    | Noticed a dread lich
 73622 | Zot:5    | Killed a dread lich
 74134 | D:3      | Killed Sigmund
 74606 | Zot:5    | Got the Orb of Zot
 75094 | D:6      | Noticed Lisexa Wech the pandemonium lord
 75196 | D:3      | Noticed Emaganle the pandemonium lord
 75268 | D:$      | Escaped with the Orb!

Illustrated notes

Levels and vault maps discovered:
D:1:      lightli_arrival_isolated_outpost, layout_basic
D:2:      layout_rooms, hellmonk_ecumenical_altar_inner_sanctum, uniq_jessica,
          uniq_robin
D:3:      layout_rooms
D:4:      layout_rooms, minmay_temple_entry_statues, uniq_sigmund
D:5:      layout_rooms, lemuel_round_altar, serial_curves, eino_curves_01,
          eino_curves_01
D:6:      layout_loops_corners, mainiacjoe_overflow_alcove_4, moated_statue,
          nicolae_sextant, uniq_menkaure
D:7:      layout_basic, grunt_temple_overflow_open, tso_metal_star,
          enter_bailey_3, palyth_stone_intersect, amcnicky_mini_pool_medium,
          uniq_duvessa, uniq_joseph, uniq_crazy_yiuf_cottage
D:8:      kennysheep_windowed_halls, layout_loops_corners,
          minmay_lair_entry_grove, serial_undead, serial_undead_c,
          serial_undead_e, serial_undead_c, serial_undead_e, serial_park_tiny_1,
          nicolae_transporter_circle, uniq_prince_ribbit1
D:9:      layout_stronghold, mainiacjoe_overflow_chevrons, orc_0_dummy,
          serial_column_ruins, column_ruins_square_small,
          column_ruins_hut_pillars, column_ruins_corridor_straight,
          column_ruins_grid_3, column_ruins_columns_straight,
          column_ruins_columns_straight, column_ruins_open_tiny, the_hattery,
          uniq_gastronok
D:10:     layout_roguey, serial_park_tiny_1, uniq_erolcha, uniq_harold
D:11:     layout_gridville
D:12:     layout_long_grid, chequers_decorated_corner, trog_hazing_becter
D:13:     layout_rooms, david_vaults_5, gammafunk_ghost_necromancy,
          serial_shops, shop, nicolae_shop_window_shopping, shop,
          nicolae_shop_advertising_works [nicolae_subvault_shop_adworks],
          nicolae_lava_and_water, minivault_22, kennysheep_opposing_triangles
D:14:     layout_loops_cross, kennysheep_nub, nicolae_trove_entry_columns
D:15:     grunt_enter_depths_giant_problem, layout_basic,
          nicolae_ru_path_of_blood
Temple:   nicolae_temple_bog_church
Lair:1:   layout_gridlike, infiniplex_staircase_pool_2, grunt_megastairs_2,
          uniq_amaemon
Lair:2:   layout_chaotic_city, swamp_mist, chequers_serial_rivers_small_3,
          serial_bayou_crossing
Lair:3:   layout_regular_city, guppyfry_snake_entry_island,
          nicolae_lair_liquid_snakes
Lair:4:   layout_long_grid, slime_entry_1, uniq_snorg
Lair:5:   hangedman_lair_caniforms_friends, layout_loops_ring, wormcave,
          grunt_megastairs_4
Snake:1:  layout_grid_maze, serial_shops, shop, drop_trap,
          hangedman_snake_corridor_cut
Snake:2:  layout_layer_cave, serial_shops, bzr_entry_dummy, shop,
          nicolae_shop_waterfront, shop, nicolae_shop_trees
Snake:3:  gammafunk_sealed_arena, layout_gridlike, special_room, uniq_mlioglotl
Snake:4:  johnstein_snake_rune_scales, layout_misc_corridors,
          grunt_megastairs_5, minmay_shop_star
Slime:1:  layout_caves
Slime:2:  layout_caves
Slime:3:  layout_caves, cheibrodos_slime_lost_civilization_6
Slime:4:  layout_caves
Slime:5
Orc:1:    emtedronai_trogs_sanctum, layout_caves, bloody_makhleb, uniq_nergalle
Orc:2:    st_orc_town, layout_caves
Elf:1:    layout_loops_cross, serial_shops, shop, minmay_elf_necromancy
Elf:2:    elven_hall_of_blades_hangedman_original [grunt_blade_entry_basic],
          layout_geoelf_grid, uniq_agnes
Elf:3:    grunt_elf_hall_diamonds, layout_onion_city, basic_altar,
          minmay_shoptagon, uniq_louise
Vaults:1: vaults_dpeg_ring, v_pattern_4, v_rooms_5,
          nicolae_vaults_network_quinsquares
          [nicolae_vaults_network_quincunx_subvault,
          nicolae_vaults_network_quincunx_subvault,
          nicolae_vaults_network_quincunx_subvault,
          nicolae_vaults_network_quincunx_subvault], grunt_vaults_twisty,
          hangedman_vaults_maws, hangedman_vaults_corner_blocks,
          ontoclasm_vaults_shuriken, ontoclasm_vaults_idyll,
          ontoclasm_vaults_pinch, ontoclasm_vaults_decontamination,
          nicolae_vaults_yaktaur_gun_rack, nicolae_vaults_rhombus_7,
          layout_vaults_ring
Vaults:2: hangedman_vaults_capsules, ontoclasm_vaults_spin,
          ontoclasm_vaults_claustrophobia, v_misc_26,
          nicolae_vaults_shelves_hall, v_alt_pattern_6, v_rooms_1, v_misc_19,
          st_star, v_misc_23, vaults_standard_mumra_lines,
          layout_vaults_maze_bifur, dummy_crypt_entry
Vaults:3: hellmonk_ghost_happy_afterlife, hangedman_vaults_pinch, v_misc_8,
          v_pattern_5, ontoclasm_vaults_gallery, vaults_room_pools,
          layout_vaults_omnigrid, uniq_frederick
Vaults:4: ontoclasm_vaults_fault, hangedman_vaults_snaps,
          ontoclasm_vaults_gateway, vaults_room_stairs_pillars,
          vaults_dpeg_cross, vaults_room_stairs_pillars,
          nicolae_vaults_little_squares_3, nicolae_vaults_little_squares_3,
          grunt_vaults_focal, nicolae_vaults_circle_grid_b,
          nicolae_vaults_little_squares_6, vaults_standard_mumra_x, v_misc_30,
          layout_vaults_omnicross, serial_shops, shop, uniq_margery, uniq_mennas
Vaults:5: uniq_saint_roka
Depths:1: layout_forbidden_donut, serial_shops, nicolae_shop_waterfront,
          nicolae_triple_integral, hell_entry, nzn_life_drinkers,
          serial_bayou_shore_a, uniq_sojobo, uniq_bai_suzhen
Depths:2: hellmonk_paralyzer, layout_basic, serial_glass, glass_columns_b,
          glass_columns_c, grunt_pan_entry_sceptre, hell_entry,
          nicolae_diode_intersection, infiniplex_staircase_pillars_1,
          minmay_shop_grove
Depths:3: radiant_caverns_b_rkd, abyss_entry, hell_entry
Depths:4: grunt_twist_and_shout, layout_long_grid, enter_ziggurat_e,
          rand_demon_pan_entry_8, good_gods_mini_temple, pf_coc_iceberg
Zot:1:    kennysheep_oblong_rooms, layout_gridville, uniq_parghit
Zot:2:    layout_gridlike, uniq_vv
Zot:3:    ebering_greatest_show_in_zot, layout_gridville,
          gammafunk_ghost_wrathful_warriors
Zot:4:    layout_misc_corridors
Zot:5:    layout_gridlike

Skill      XL: |  1  2  3  4  5  6  7  8  9 10 11 12 13 14 15 16 17 18 19 20 21 22 23 24 25 26 |
---------------+-------------------------------------------------------------------------------+-----
Axes           | 3 4 5 6 7 9 10 12 14 15 16 18 20 | 20.0
Armour         | 4 5 6 7 9 10 12 14 15 16 18 19 20 | 20.8
Shields        | 4 5 6 10 13 15 16 17 18 20 | 20.3
Invocations    | 3 6 8 10 12 14 15 16 18 20 | 20.0
Dodging        | 2 4 5 6 8 9 10 11 13 14 15 | 15.6
Fighting       | 4 7 10 12 14 15 19 20 | 20.0
Throwing       | 4 5 7 9 10 12 13 | 13.2
Stealth        | 2 3 5 |  5.0
Maces & Flails | 6 11 15 17 18 | 18.7
Evocations     | 6 9 10 11 12 14 | 14.9

Action                   |  1- 3 |  4- 6 |  7- 9 | 10-12 | 13-15 | 16-18 | 19-21 | 22-24 | 25-27 || total
-------------------------+-------+-------+-------+-------+-------+-------+-------+-------+-------++-------
Melee: War axe           |    54 |   151 |   323 |   359 |       |       |       |       |       ||   887
       Battleaxe         |       |       |       |   251 |   802 |   947 |       |       |       ||  2000
       Mace              |       |       |       |     5 |    10 |       |       |       |       ||    15
       Punch             |       |       |       |       |     1 |       |       |       |       ||     1
       Flail             |       |       |       |       |       |    16 |    52 |   114 |       ||   182
       Morningstar       |       |       |       |       |       |   403 |  1738 |  1054 |   960 ||  4155
       Sacred scourge    |       |       |       |       |       |       |    39 |    36 |    53 ||   128
       Broad axe         |       |       |       |       |       |       |     8 |   563 |   247 ||   818
Throw: Stone             |       |     6 |     2 |       |       |       |       |       |       ||     8
       Javelin           |       |       |       |     4 |    20 |    22 |    51 |    36 |    10 ||   143
       Boomerang         |       |       |       |       |    28 |    19 |       |       |       ||    47
       Dart              |       |       |       |       |     2 |       |       |       |       ||     2
       Throwing net      |       |       |       |       |       |     3 |       |       |       ||     3
Invok: Recite            |       |     2 |    11 |     8 |    12 |    44 |    38 |    28 |     3 ||   146
       Donate Gold       |       |     1 |     1 |     3 |       |       |     3 |     1 |     5 ||    14
       Vitalisation      |       |       |     1 |     4 |     2 |     4 |     3 |    10 |     5 ||    29
       Imprison          |       |       |       |     1 |       |     3 |     3 |     2 |     1 ||    10
       Sanctuary         |       |       |       |       |       |       |     2 |     2 |     1 ||     5
 Abil: Evoke Blink       |       |       |       |       |       |       |       |     3 |     1 ||     4
Evoke: Wand              |       |       |     6 |     6 |    10 |     2 |     4 |    13 |     7 ||    48
       Tin of tremorston |       |       |       |       |     2 |     1 |       |       |       ||     3
       Phial of floods   |       |       |       |       |       |       |       |     1 |       ||     1
       Lightning rod     |       |       |       |       |       |       |       |       |     4 ||     4
       Phantom mirror    |       |       |       |       |       |       |       |       |     2 ||     2
  Use: Scroll            |     2 |     8 |     1 |    14 |     8 |     7 |    12 |    17 |     5 ||    74
       Potion            |     2 |     1 |     3 |     8 |    11 |     6 |     7 |    23 |     7 ||    68
 Stab: Invisible         |       |       |     3 |     8 |    17 |     1 |    12 |     5 |       ||    46
       Confused          |       |       |     1 |     3 |     3 |    30 |    19 |     5 |       ||    61
       Paralysed         |       |       |       |     2 |    21 |    13 |     8 |     1 |       ||    45
       Petrified         |       |       |       |       |       |     7 |       |       |       ||     7
       Sleeping          |       |       |       |       |       |       |     7 |    21 |       ||    28
       Distracted        |       |       |       |       |       |       |     1 |     3 |     1 ||     5
Armor: Scale mail        |    23 |    28 |       |       |       |       |       |       |       ||    51
       Chain mail        |       |    64 |   157 |       |       |       |       |       |       ||   221
       Ring mail         |       |       |       |   209 |   266 |       |       |       |       ||   475
       Plate armour      |       |       |       |       |    42 |   531 |   323 |       |       ||   896
       Shadow dragon sca |       |       |       |       |       |       |    95 |   482 |    45 ||   622
       Gold dragon scale |       |       |       |       |       |       |       |       |   423 ||   423
Dodge: Dodged            |    26 |    68 |   162 |   447 |   611 |   670 |   582 |   622 |   366 ||  3554
Block: Buckler           |    13 |    41 |    88 |    84 |       |       |       |       |       ||   226
       Other             |       |       |       |       |       |   126 |       |       |       ||   126
       Reflection        |       |       |       |       |       |    56 |    78 |    41 |    32 ||   207
       Kite shield       |       |       |       |       |       |   415 |  1159 |       |       ||  1574
       Tower shield      |       |       |       |       |       |       |   427 |  1710 |  1377 ||  3514
